 Dungeon Crawl Stone Soup version 0.19.0-2-gae57169 (webtiles) character file.

713 Exaltedone87 the Shield-Bearer (level 7, -3/64 HPs)
             Began as a Deep Dwarf Fighter on Nov 5, 2016.
             Was an Initiate of Makhleb.
             Slain by an ogre
             ... wielding a +0 giant club
              (13 damage)
             ... on level 5 of the Dungeon.
             The game lasted 00:11:48 (3053 turns).

Exaltedone87 the Shield-Bearer (Deep Dwarf Fighter) Turns: 3053, Time: 00:11:48

Health: -3/64      AC: 16    Str: 24    XL:     7   Next: 41%
Magic:  6/6        EV:  8    Int:  9    God:    Makhleb [......]
Gold:   204        SH: 11    Dex: 12    Spells: 1 memorised, 5 levels left

rFire  . . .     SeeInvis .     s - +2 flail (protect)
rCold  + . .     Gourm    .     b - +0 scale mail
rNeg   . . .     Faith    .     c - +1 shield
rPois  .         Spirit   .     o - +0 helmet "Qadat" {rC+}
rElec  .         Reflect  .     n - +0 cloak
rCorr  .         Harm     .     (no gloves)
MR     +....     Clarity  +     (no boots)
Stlth  ..........               (no amulet)
                                (no ring)
                                i - +3 ring of strength

@: protection aura, non-regenerating
A: damage resistance, recharge devices, clarity, sense surroundings 1, slow
regeneration 3
a: Device Recharging, Renounce Religion


You were on level 5 of the Dungeon.
You worshipped Makhleb.
Makhleb was noncommittal.
You were not hungry.

You visited 1 branch of the dungeon, and saw 5 of its levels.

You collected 204 gold pieces.

Inventory:

Hand Weapons
 a - a +1 flail
 s - a +2 flail of protection (weapon)
Missiles
 k - 4 tomahawks (quivered)
Armour
 b - a +0 scale mail (worn)
 c - a +1 shield (worn)
 l - a +0 hat
 n - a +0 cloak (worn)
 o - the +0 helmet "Qadat" (worn) {rC+}
   (You found it on level 4 of the Dungeon)

   It protects you from cold.
Jewellery
 i - a +3 ring of strength (left hand)
Wands
 e - a wand of heal wounds (2/9)
Scrolls
 g - 2 scrolls of identify
 q - a scroll of blinking
Potions
 d - 2 potions of might
 j - 2 potions of resistance
Books
 r - a book of Minor Magic

   Spells                             Type                      Level
   a - Magic Dart                     Conjuration                  1
   b - Blink                          Translocation                2
   c - Call Imp                       Summoning                    2
   d - Repel Missiles                 Charms/Air                   2
   e - Slow                           Hexes                        2
   f - Conjure Flame                  Conjuration/Fire             3
   g - Mephitic Cloud                 Conjuration/Poison/Air       3
Comestibles
 f - 3 bread rations
 h - a meat ration
 m - a beef jerky


   Skills:
 + Level 4.2 Fighting
 * Level 5.2 Maces & Flails
 - Level 0.1 Throwing
 + Level 4.9 Armour
 - Level 1.3 Dodging
 + Level 5.3 Shields


You had 5 spell levels left.
You knew the following spells:

 Your Spells              Type           Power        Failure   Level  Hunger
a - Magic Dart            Conj           #...         100%        1    ##.....


Dungeon Overview and Level Annotations

Branches:
Dungeon (5/15)
 Temple: D:4-7

Altars:
Makhleb

Shops:
D:4 [


Innate Abilities, Weirdness & Mutations

You are resistant to damage.
You can recharge devices by infusing magical energy.
You passively map a small area around you.
You do not regenerate.
You possess an exceptional clarity of mind.


Message History

Your weapon exudes an aura of protection.
The iguana is almost dead.
The iguana barely misses you.
You thump the iguana!
You kill the iguana!
Makhleb accepts your kill.
You now have 194 gold pieces (gained 16).
You now have 204 gold pieces (gained 10).
You see here a spear.
An ogre comes into view. It is wielding a giant club.
The ogre shouts!
Found a stone staircase leading up.
You hit the ogre.
Your weapon exudes an aura of protection.
The ogre is lightly wounded.
The ogre barely misses you.
You sock the ogre!
The ogre is heavily wounded.
The ogre hits you with a giant club!
You die...

*### ###* * , .. .. , , , . .#* ,
**# ########## * ##.###### #,*##
....>.......####O......., #.##.
##...##.....<...@....... , #.#..
#.....#. #######...#.### #....
........##.......###.# ###..
........##...)...###.# ####..
....>...##........##.# #####....#
..................##)###...#.....
........##........##.##..........
......#.##........##.#........#..
#.....#.##........##..........#..


You could see an ogre.

Vanquished Creatures
  A phantom (D:4)
  A centaur (D:3)
  A scorpion (D:4)
  A howler monkey (D:4)
  A crimson imp (D:4)
  Crazy Yiuf (D:3)
  2 orc priests
  2 orc wizards (D:5)
  Ijyb (D:2)
  2 iguanas
  2 worker ants
  5 gnolls (D:4)
  An adder (D:2)
  An ooze (D:3)
  A worm (D:2)
  A dart slug (D:3)
  3 leopard geckos
  12 orcs
  9 bats
  4 giant cockroaches
  5 goblins
  12 hobgoblins
  5 jackals
  2 quokkas
  2 frilled lizards
  6 kobolds
  A quokka skeleton (D:4)
  10 rats
95 creatures vanquished.

Notes
Turn   | Place    | Note
-------+----------+-------------------------------------------
     0 | D:1      | Exaltedone87 the Deep Dwarf Fighter began the quest for the Orb.
     0 | D:1      | Reached XP level 1. HP: 20/20 MP: 1/1
   238 | D:1      | Reached XP level 2. HP: 22/27 MP: 2/2
   793 | D:2      | Reached XP level 3. HP: 27/34 MP: 3/3
   846 | D:2      | Noticed Ijyb
   863 | D:2      | Killed Ijyb
   863 | D:2      | Reached XP level 4. HP: 26/42 MP: 4/4
  1161 | D:3      | Noticed a centaur
  1170 | D:3      | Killed a centaur
  1170 | D:3      | Reached skill level 1 in Dodging
  1170 | D:3      | Reached XP level 5. HP: 47/49 MP: 5/5
  1990 | D:3      | Found a runed door.
  1994 | D:3      | Noticed Crazy Yiuf
  2001 | D:3      | Killed Crazy Yiuf
  2166 | D:4      | Reached XP level 6. HP: 15/56 MP: 6/6
  2176 | D:4      | Gained mutation: You possess an exceptional clarity of mind. [potion of beneficial mutation]
  2209 | D:4      | Found Vausm's Antique Armour Boutique.
  2226 | D:4      | Reached skill level 5 in Shields
  2335 | D:4      | Found a burning altar of Makhleb.
  2343 | D:4      | Became a worshipper of Makhleb the Destroyer
  2472 | D:4      | Reached XP level 7. HP: 5/64 MP: 7/7
  2595 | D:4      | Learned a level 1 spell: Magic Dart
  2613 | D:4      | Got a faintly glowing helmet
  2614 | D:4      | Identified the +0 helmet "Qadat" {rC+} (You found it on level 4 of the Dungeon)
  2730 | D:4      | Reached skill level 5 in Maces & Flails
  2866 | D:5      | Entered Level 5 of the Dungeon
  2931 | D:5      | HP: 1/64 [orc wizard/puff of flame (5)]
  3053 | D:5      | Slain by an ogre

Skill      XL: |  1  2  3  4  5  6  7 |
---------------+----------------------+-----
Fighting       | 3 4 |  4.2
Shields        | 4 5 |  5.3
Maces & Flails | 3 4 5 |  5.2
Dodging        | 1 |  1.3
Armour         | 4 |  4.9
Throwing       | |  0.1

Action                   |  1- 3 |  4- 6 |  7- 9 || total
-------------------------+-------+-------+-------++-------
Melee: Flail             |    98 |   265 |    56 ||   419
Throw: Tomahawk          |     4 |       |       ||     4
 Abil: Device Recharging |       |       |     1 ||     1
Evoke: Wand              |       |     5 |     2 ||     7
  Use: Scroll            |     3 |     4 |     9 ||    16
       Potion            |     2 |     1 |     1 ||     4
  Eat: Pizza             |       |     2 |       ||     2
       Meat ration       |       |     1 |       ||     1
Armor: Scale mail        |    46 |   111 |    23 ||   180
Dodge: Dodged            |    44 |    94 |    13 ||   151
Block: Shield            |    70 |   209 |    36 ||   315
